 Dungeon Crawl Stone Soup version 0.27.1-33-g824d729ab1 (webtiles) character file.

Game seed: 5875312116355037399

23 zeram the Sneak (level 2, 0/13 HPs)
             Began as a Spriggan Enchanter on Dec 2, 2021.
             Succumbed to a goblin's poison
             ... on level 1 of the Dungeon.
             The game lasted 00:02:08 (951 turns).

zeram the Sneak (Spriggan Enchanter)                 Turns: 951, Time: 00:02:08

Health: 0/13       AC:  2    Str:  4    XL:     2   Next: 75%
Magic:  7/7        EV: 18    Int: 16    God:
Gold:   24         SH:  0    Dex: 17    Spells: 4/7 levels left

rFire    . . .     SeeInvis +   h - +0 dagger (venom)
rCold    . . .     Faith    .   (shield restricted)
rNeg     . . .     Spirit   .   b - +0 robe
rPois    .         Reflect  .   (helmet restricted)
rElec    .         Harm     .   (no cloak)
rCorr    .         Rampage  .   (gloves unavailable)
Will     .....                  (boots unavailable)
Stlth    +++.......             (no amulet)
HPRegen  0.04/turn              (no ring)
MPRegen  0.10/turn              (no ring)

@: lethally poisoned (0 -> -2), very quick
A: very small, no large weapons, unfitting armour, see invisible, speed 3, horns
1, agile 1
a: no special abilities


You were on level 1 of the Dungeon.
You visited 1 branch of the dungeon, and saw 1 of its levels.

You collected 24 gold pieces.

Inventory:

Hand Weapons
 a - a +1 dagger
 h - a +0 dagger of venom (weapon)
Armour
 b - a +0 robe (worn)
Scrolls
 c - a scroll of magic mapping {unknown}
 e - a scroll of identify {unknown}


   Skills:
 - Level 1.1 Short Blades
 + Level 3.2 Dodging
 + Level 5.5 Stealth
 + Level 3.1 Spellcasting
 - Level 3.6 Hexes


You had 4 spell levels left.
You knew the following spells:

 Your Spells              Type           Power      Damage    Failure   Level
a - Corona                Hex            15%        N/A       4%          1
b - Ensorcelled Hibernat  Hex/Ice        16%        N/A       13%         2

Your spell library contained the following spells:

 Spells                   Type           Power      Damage    Failure   Level
 Confusing Touch          Hex            14%        N/A       13%         3
 Tukima's Dance           Hex            14%        N/A       13%         3
 Dazzling Flash           Conj/Hex       16%        N/A       26%         3


Dungeon Overview and Level Annotations

Branches:
Dungeon (1/15)

Altars:

Shops:
D:1 =:


Innate Abilities, Weirdness & Mutations

You are very small and have problems with some larger weapons.
You are too small for most types of armour.
You have supernaturally acute eyesight. (SInv)
You cover ground extremely quickly. (Speed+++)
You have a pair of small horns on your head.
You are agile. (Dex +2)


Message History

A ball python is nearby!
A ball python is nearby!
The helpless ball python fails to defend itself.
You impale the ball python!!
You kill the ball python!
A goblin comes into view. It is wielding a +0 dagger of venom.
A goblin is nearby!
A goblin is nearby!
A goblin is nearby!
The goblin shouts!
The goblin barely misses you.
You hit the goblin.
The goblin is heavily wounded.
The goblin hits you with a +0 dagger of venom.
You hit the goblin but do no damage.
The goblin is heavily wounded.
The goblin hits you with a +0 dagger of venom.
You are lethally poisoned!
You hit the goblin.
You kill the goblin!
You feel sick.
You are too injured to fight recklessly!
You are too injured to fight recklessly!
You feel sick.
You see here a +0 dagger of venom.
h - a +0 dagger of venom You feel sick.
Your +0 dagger of venom begins to drip with poison!
h - a +0 dagger of venom (weapon)
* * * LOW HITPOINT WARNING * * *
You feel sick.
It was a potion of magic.
Magic courses through your body.
* * * LOW HITPOINT WARNING * * *
You feel sick.
It was a potion of cancellation.
You feel magically purged.
* * * LOW HITPOINT WARNING * * *
You feel sick.
It was a potion of mutation.
You feel extremely strange.
You feel agile. A pair of horns grows on your head!
You die...

#8 #. #. ## #. ###
.. #. #.. #. #.
#.######. ###.###
#........ #......
#@..# .#......
#..## ........
#..# #.#......
#..# #.#......
#..# #.###.#..
#..# ##.#..>...
#..# #.........
#..# #..#.#.##.
#..######..#.#.##.


There were no monsters in sight!

Vanquished Creatures
  A dart slug (D:1)
  5 endoplasms (D:1)
  A hobgoblin (D:1)
  A kobold (D:1)
  A quokka (D:1)
  5 ball pythons (D:1)
  2 bats (D:1)
  A frilled lizard (D:1)
  2 goblins (D:1)
  A rat (D:1)
20 creatures vanquished.

Notes
Turn   | Place    | Note
-------+----------+-------------------------------------------
     0 | D:1      | zeram the Spriggan Enchanter began the quest for the Orb.
     0 | D:1      | Reached XP level 1. HP: 9/9 MP: 5/5
   160 | D:1      | Reached skill level 5 in Stealth
   160 | D:1      | Reached XP level 2. HP: 13/13 MP: 4/6
   460 | D:1      | Learned a level 2 spell: Ensorcelled Hibernation
   543 | D:1      | Found Qikli's Book Emporium.
   871 | D:1      | Found Qoshrujag's Jewellery Shoppe.
   951 | D:1      | Gained mutation: You are agile. (Dex +2) [potion of
                  | mutation]
   951 | D:1      | Gained mutation: You have a pair of small horns on your
                  | head. [potion of mutation]
   951 | D:1      | Succumbed to a goblin's poison

Illustrated notes

Levels and vault maps discovered:
D:1:      nagdon_arrival_zigzag_paths, layout_loops_ring, serial_shops,
          nicolae_lakefront_shop, nicolae_shop_trees, solitary_fountain

Skill      XL: |  1  2 |
---------------+-------+-----
Stealth        | 5 |  5.5
Dodging        | 3 |  3.2
Spellcasting   | 3 |  3.1
Short Blades   | |  1.1
Hexes          | |  3.6

Action                   || total
-------------------------++-------
Melee: Dagger            ||    67
 Cast: Corona            ||     5
  Use: Potion            ||     3
 Stab: Sleeping          ||     7
Armor: Robe              ||     6
Dodge: Dodged            ||    57
